 Dungeon Crawl Stone Soup version 0.17-a0-776-gd86b262 (webtiles) character file.

2466 tesudzi the Chopper (level 9, 0/62 HPs)
             Began as an Octopode Fighter on Apr 24, 2015.
             Was a Priest of Dithmenos.
             Slain by ventricule's ghost (27 damage)
             ... on level 7 of the Dungeon.
             The game lasted 00:21:23 (5741 turns).

tesudzi the Chopper (Octopode Fighter)              Turns: 5741, Time: 00:21:23

Health: 0/62       AC:  1    Str: 16    XL:     9   Next: 51%
Magic:  9/9        EV: 14    Int: 10    God:    Dithmenos [***...]
Gold:   235        SH: 12    Dex: 14    Spells: 0 memorised, 8 levels left

rFire  + . .     SeeInvis .     x - +2 hand axe (elec)
rCold  . . .     Clarity  .     E - +2 shield
rNeg   . . .     SustAb   .     (helmet restricted)
rPois  .         Gourm    .     (no amulet)
rElec  .         Spirit   .     f - ring of protection from fire
rCorr  .         Warding  .     (no ring)
rMut   .         Stasis   .     (no ring)
MR     .....                    (no ring)
Stlth  +++.......               (no ring)
                                (no ring)
                                (no ring)
                                (no ring)

@: wreathed by umbra, not resistant to hostile enchantments, fairly stealthy
A: almost no armour, amphibious, 8 rings, constrict 8, camouflage 1, gelatinous
body 1
a: Shadow Step, Renounce Religion


You were on level 7 of the Dungeon.
You worshipped Dithmenos.
Dithmenos was most pleased with you.
You were not hungry.

You visited 1 branch of the dungeon, and saw 7 of its levels.

You collected 235 gold pieces.

Inventory:

Hand weapons
 a - a +0 flail
 g - a +0 hunting sling
 r - a +2 great mace of protection
 x - a +2 hand axe of electrocution (weapon)
Missiles
 h - 149 stones
 k - 4 tomahawks of returning (quivered)
 C - 25 poisoned needles
 F - 2 tomahawks
Armour
 E - a +2 shield (worn)
Magical staves
 b - an uncursed staff of summoning
Jewellery
 e - an uncursed amulet of resist corrosion {unknown}
 f - a ring of protection from fire (left tentacle)
 o - an uncursed ring of ice
 N - a +3 ring of dexterity {unknown}
Magical devices
 w - a wand of confusion (28)
 A - a wand of draining (10)
 G - a wand of confusion (18)
Scrolls
 i - 3 scrolls of remove curse
 j - a scroll of amnesia {unknown}
 l - 2 scrolls of recharging {unknown}
 q - a scroll of enchant weapon
 t - 2 scrolls of teleportation
 u - a scroll of blinking
 v - 2 scrolls of noise
 y - 2 scrolls of enchant armour {unknown}
 I - a scroll of random uselessness {unknown}
 J - a scroll of fear
 K - a scroll of magic mapping {unknown}
 L - a scroll of immolation {unknown}
Potions
 c - a potion of might
 m - a potion of resistance
 n - 2 potions of brilliance
 s - 3 potions of haste
 D - a potion of cure mutation {unknown}
 M - a potion of agility
Books
 H - a book of Alchemy

   Spells                             Type                      Level
   a - Sublimation of Blood           Necromancy                   2
   b - Alistair's Intoxication        Transmutation/Poison         4
   c - Condensation Shield            Ice                          4
   d - Petrify                        Transmutation/Earth          4
   e - Ignite Poison                  Fire/Transmutation/Poison    3
   f - Irradiate                      Conjuration/Transmutation    5
Comestibles
 d - 6 bread rations
 p - 2 meat rations
 z - 4 slices of pizza
 B - a chunk of flesh


   Skills:
 - Level 6.0 Fighting
 - Level 6.9(7.6) Axes
 - Level 4.9(6.6) Maces & Flails
 + Level 6.4 Dodging
 - Level 6.0 Shields


You had 8 spell levels left.
You didn't know any spells.

Dungeon Overview and Level Annotations

Branches:
Dungeon (7/15)             Temple (0/1) D:6

Altars:
Cheibriados
Dithmenos
Fedhas
Gozag
Kikubaaqudgha
Makhleb
Okawaru
Qazlal
Ru
Vehumet
The Shining One

Annotations:
D:7 1 exclusion, ventricule's ghost, experienced TrMo


Innate Abilities, Weirdness & Mutations

You cannot wear most types of armour.
You are amphibious.
You can wear up to eight rings at the same time.
You can use your tentacles to constrict eight enemies at once.
Your skin changes colour to match your surroundings (Stealth).
Your rubbery body absorbs attacks (AC +1).


Message History

You hit the steam dragon.
The steam dragon is heavily wounded.
You block the steam dragon's attack. The steam dragon claws you.
Ventricule's ghost lets out a mournful wail.
You hit the steam dragon.
The steam dragon is heavily wounded.
The steam dragon bites you! You block the steam dragon's attack.
You closely miss the steam dragon.
The steam dragon is heavily wounded.
You block the steam dragon's attack. x2
You slash the steam dragon!
There is a sudden explosion of sparks!
You kill the steam dragon!
Dithmenos accepts your kill.
Your Dodging skill increases to level 6!
You hit ventricule's ghost but do no damage.
Ventricule's ghost completely misses you.
You hit ventricule's ghost but do no damage.
Your squeeze misses ventricule's ghost. Ventricule's ghost hits you!!
You closely miss ventricule's ghost. Ventricule's ghost hits you!!
You die...

### ..## ...#######
.........##########
...####.........@.#
#.## #..########W#
..)####..# .#
.........# .#
#..###...# .# #..#
#.#.# .# #..#
#...## ..
#..####...#####. ..
<............... #


You could see ventricule's ghost.

Vanquished Creatures
  The ghost of confidenceinterval the Cleaver, an average HOCK of Xom (D:4)
  Prince Ribbit (D:6)
  Sigmund (D:6)
  A steam dragon (D:7)
  Eustachio (D:5)
  A water moccasin (D:6)
  2 orc warriors
  A phantom (D:4)
  A necrophage (D:6)
  A centaur (D:7)
  2 giant frogs (D:6)
  2 scorpions
  A wyvern skeleton (D:6)
  2 crimson imps
  3 hounds
  2 iguanas (D:7)
  8 orc wizards
  An orc priest (D:7)
  4 worker ants
  2 hound skeletons (D:6)
  A worker ant zombie (D:7)
  3 adders
  3 worms (D:2)
  2 giant geckos
  32 orcs
  6 ball pythons
  A bat skeleton (D:6)
  2 giant cockroaches
  17 goblins
  8 hobgoblins
  10 jackals
  10 kobolds
  6 quokkas
  12 bats
  A giant gecko skeleton (D:6)
  4 giant newts
  A giant spore (D:6)
  A quokka skeleton (D:4)
  16 rats
  3 ballistomycetes (D:6)
  A plant (D:6)
178 creatures vanquished.

Notes
Turn   | Place    | Note
--------------------------------------------------------------
     0 | D:1      | tesudzi, the Octopode Fighter, began the quest for the Orb.
     0 | D:1      | Reached XP level 1. HP: 16/16 MP: 1/1
    62 | D:1      | Reached XP level 2. HP: 11/21 MP: 2/2
   603 | D:1      | Reached XP level 3. HP: 26/26 MP: 3/3
   913 | D:2      | Found a snail-covered altar of Cheibriados.
  1153 | D:2      | Reached skill level 4 in Maces & Flails
  1281 | D:2      | Found a glowing golden altar of the Shining One.
  1282 | D:2      | Found an ancient bone altar of Kikubaaqudgha.
  1285 | D:2      | Found a burning altar of Makhleb.
  1359 | D:2      | Reached XP level 4. HP: 28/31 MP: 4/4
  1579 | D:3      | Found an opulent altar of Gozag.
  1580 | D:3      | Found a shadowy altar of Dithmenos.
  1584 | D:3      | Became a worshipper of Dithmenos the Shadowed
  1889 | D:3      | Found an opulent altar of Gozag.
  1927 | D:3      | Found an iron altar of Okawaru.
  2088 | D:4      | Reached XP level 5. HP: 36/36 MP: 5/5
  2117 | D:4      | Noticed a phantom
  2128 | D:4      | Killed a phantom
  2128 | D:4      | Reached XP level 6. HP: 30/42 MP: 6/6
  2175 | D:4      | Noticed confidenceinterval's ghost (average HOCK)
  2275 | D:4      | Killed confidenceinterval's ghost
  2275 | D:4      | Reached XP level 7. HP: 21/48 MP: 7/7
  2930 | D:5      | Entered Level 5 of the Dungeon
  3065 | D:5      | Noticed Eustachio
  3077 | D:5      | Killed Eustachio
  3077 | D:5      | Reached skill level 5 in Fighting
  3077 | D:5      | Reached skill level 5 in Dodging
  3077 | D:5      | Reached skill level 5 in Shields
  3327 | D:6      | Found a radiant altar of Vehumet.
  3344 | D:6      | Acquired Dithmenos's first power
  3395 | D:6      | Noticed Sigmund
  3407 | D:6      | Killed Sigmund
  3407 | D:6      | Reached XP level 8. HP: 38/56 MP: 8/8
  3527 | D:6      | Found a blossoming altar of Fedhas.
  3527 | D:6      | Found a stormy altar of Qazlal.
  3528 | D:6      | Found a sacrificial altar of Ru.
  3556 | D:6      | Noticed Prince Ribbit
  3574 | D:6      | Killed Prince Ribbit
  3737 | D:6      | Reached skill level 6 in Fighting
  4114 | D:6      | Found a staircase to the Ecumenical Temple.
  4204 | D:6      | Reached XP level 9. HP: 43/62 MP: 9/9
  4528 | D:7      | Noticed ventricule's ghost (experienced TrMo)
  4537 | D:7      | Reached skill level 5 in Axes
  5251 | D:7      | Found a stormy altar of Qazlal.
  5453 | D:7      | Acquired Dithmenos's second power
  5741 | D:7      | Slain by ventricule's ghost

Action                   |  1- 3 |  4- 6 |  7- 9 || total
-------------------------+-------+-------+-------++-------
Melee: Flail             |    77 |    26 |       ||   103
       Hand axe          |       |    50 |   221 ||   271
Throw: Stone             |       |       |     2 ||     2
       Tomahawk          |       |       |     4 ||     4
  Use: Scroll            |       |       |    15 ||    15
       Potion            |       |       |     3 ||     3
 Stab: Sleeping          |     3 |     2 |     8 ||    13
       Distracted        |       |       |     2 ||     2
  Eat: Chunk             |     1 |     3 |    12 ||    16
